 Dungeon Crawl Stone Soup version 0.21.1-1-g345015f (webtiles) character file.

63 ponchio the Skirmisher (level 4, 0/30 HPs)
             Began as a Gargoyle Fighter on May 6, 2018.
             Killed from afar by an orc wizard (3 damage)
             ... with a magic dart
             ... on level 2 of the Dungeon.
             The game lasted 00:07:54 (2013 turns).

ponchio the Skirmisher (Gargoyle Fighter)           Turns: 2013, Time: 00:07:57

Health: 0/30       AC: 10    Str: 19    XL:     4   Next: 10%
Magic:  4/4        EV:  7    Int:  9    God:
Gold:   15         SH:  9    Dex: 10    Spells: 3/3 levels left

rFire    . . .     SeeInvis .   a - +0 flail
rCold    . . .     Gourm    .   c - +0 shield
rNeg     + . .     Faith    .   j - +0 scale mail (curse)
rPois    ∞         Spirit   .   (no helmet)
rElec    +         Reflect  .   (no cloak)
rCorr    .         Harm     .   (no gloves)
MR       .....                  (no boots)
Stlth    ..........             (no amulet)
HPRegen  0.10/turn              (no ring)
MPRegen  0.09/turn              (no ring)

@: no status effects
A: negative energy resistance 1, electricity resistance, unbreathing,
petrification resistance, rot immunity, AC +3
a: no special abilities


You were on level 2 of the Dungeon.
You were not hungry.

You visited 1 branch of the dungeon, and saw 3 of its levels.

You collected 15 gold pieces.

Inventory:

Hand Weapons
 a - a +0 flail (weapon)
Armour
 c - a +0 shield (worn)
 h - a +0 ring mail
 j - a cursed +0 scale mail (worn)
Scrolls
 b - 3 scrolls of enchant armour {unknown}
 e - a scroll of fog {unknown}
 g - 2 scrolls of identify {unknown}
 i - 2 scrolls of enchant weapon {unknown}
 k - a scroll of random uselessness {unknown}
Potions
 d - 2 potions of might
Comestibles
 f - 4 rations
 l - a chunk of flesh


   Skills:
 + Level 4.4 Fighting
 + Level 3.3 Maces & Flails
 - Level 3.2 Armour
 - Level 3.2 Shields


You had 3 spell levels left.
You didn't know any spells.

Dungeon Overview and Level Annotations

Branches:
Dungeon (3/15)

Altars:


Innate Abilities, Weirdness & Mutations

You are resistant to torment.
Your stone body is resilient. (AC +3)
You are immune to poison.
You resist negative energy. (rN+)
You are resistant to electric shocks. (rElec)
You can survive without breathing.
You are immune to petrification.
You are immune to rotting.


Message History

You closely miss something.
Something hits you but does no damage. x2
You miss something.
You hear some strange, mumbled words.
A puff of frost appears from out of thin air!
You block the puff of frost. Something hits you but does no damage.
You completely miss something.
Something hits you but does no damage. x2
You miss something. Something hits you but does no damage.
You barely miss something. Something hits you but does no damage.
You hear some strange, mumbled words.
A puff of frost appears from out of thin air!
The puff of frost hits you!
* * * LOW HITPOINT WARNING * * *
You miss something.
An orc wizard appears from thin air!
Reactivating autopickup.
The orc wizard points at you and mumbles some strange words.
The magic dart hits you!
* * * LOW HITPOINT WARNING * * *
The orc wizard casts a spell at you. The magic dart hits you!
You die...

# # # ####### # #.....# #
#.###.###### #
#.#........#
#o#........#######
#@.........+......
#.#........######.
#.#........######.
#................[
############.###########.
#..........#.# #(
#.########.#.###########.
#.# #.....)........#. #.#
#..#.#########.#.


You could see an orc wizard.

Vanquished Creatures
  An adder (D:2)
  A worm (D:2)
  A dart slug (D:1)
  3 leopard geckos
  An orc (D:3)
  2 ball pythons (D:2)
  3 bats
  5 goblins
  6 hobgoblins
  4 jackals
  4 frilled lizards
  7 kobolds
  5 rats
43 creatures vanquished.

Notes
Turn   | Place    | Note
-------+----------+-------------------------------------------
     0 | D:1      | ponchio the Gargoyle Fighter began the quest for the Orb.
     0 | D:1      | Reached XP level 1. HP: 14/14 MP: 1/1
   255 | D:1      | Reached XP level 2. HP: 19/19 MP: 2/2
  1063 | D:2      | Reached XP level 3. HP: 24/24 MP: 3/3
  1079 | D:2      | Reached skill level 4 in Fighting
  1792 | D:2      | Reached XP level 4. HP: 23/30 MP: 4/4
  2013 | D:2      | Killed from afar by an orc wizard

Skill      XL: |  1  2  3 |
---------------+----------+-----
Fighting       | 4 |  4.4
Maces & Flails | 3 |  3.3
Armour         | |  3.2
Shields        | |  3.2

Action                   |  1- 3 |  4- 6 || total
-------------------------+-------+-------++-------
Melee: Flail             |   168 |    45 ||   213
  Eat: Chunk             |     3 |     1 ||     4
Armor: Scale mail        |    56 |    38 ||    94
       Ring mail         |    38 |       ||    38
Dodge: Dodged            |    68 |     7 ||    75
Block: Shield            |   103 |    13 ||   116
